 Dungeon Crawl Stone Soup version 0.29-a0-43-g62a80824bf (webtiles) character file.

Game seed: 7886382195854671092

496 bande the Chopper (level 7, -5/66 HPs)
             Began as a Gargoyle Fighter on Feb 2, 2022.
             Slain by Prince Ribbit (6 damage)
             ... on level 6 of the Dungeon.
             The game lasted 00:04:18 (1930 turns).

bande the Chopper (Gargoyle Fighter)                Turns: 1930, Time: 00:04:19

Health: -5/66      AC: 23    Str: 16 (19) XL:     7   Next: 15%
Magic:  7/7        EV:  2    Int:  8 (9)  God:
Gold:   104        SH:  5    Dex: 17      Spells: 6/6 levels left

rFire   + . .      SeeInvis .   a - +1 war axe (chaos)
rCold   + . .      Faith    +   c - +0 buckler
rNeg    + . .      Spirit   .   (armour currently unavailable)
rPois   ∞          Reflect  .   (helmet currently unavailable)
rElec   +          Harm     .   (cloak currently unavailable)
rCorr   +          Rampage  .   (gloves currently unavailable)
Will    .....      NoTele   +   (boots currently unavailable)
Stlth   ++........              i - amulet of faith
HPRegen 0.21/turn               h - +6 ring of dexterity
MPRegen 0.10/turn               (no ring)

@: brilliant, tree-form, resistant, on berserk cooldown, slowed, very slow
A: stationary, stasis, torment immunity, boosted hp, sickness immunity, AC +4,
negative energy resistance 1, (electricity resistance), torment resistance 1,
petrification resistance
a: no special abilities


You were on level 6 of the Dungeon.
You were a tree.
You visited 1 branch of the dungeon, and saw 4 of its levels.

You collected 104 gold pieces.

Inventory:

Hand Weapons
 a - a +1 war axe of chaos (weapon)
Armour
 b - a +0 scale mail (melded)
 c - a +0 buckler (worn)
Jewellery
 h - a +6 ring of dexterity (left branch)
 i - an amulet of faith (around neck)
Scrolls
 j - 2 scrolls of amnesia
 l - a scroll of teleportation
 n - a scroll of identify {unknown}
Potions
 f - a potion of degeneration


   Skills:
 + Level 4.5 Fighting
 + Level 5.3 Axes
 + Level 4.4 Armour
 + Level 4.3 Shields


You had 6 spell levels left.
You didn't know any spells.
Your spell library contained the following spells:

 Spells                   Type           Power      Damage    Failure   Level
 Sting                    Tmut/Pois      0%         1d3       50%         1
 Poisonous Vapours        Pois/Air       0%         N/A       63%         2
 Olgreb's Toxic Radiance  Pois           0%         N/A       99%         4


Dungeon Overview and Level Annotations

Branches:
Dungeon (3/15)

Altars:
Dithmenos
Qazlal

Shops:
D:1 ?

Annotations:
D:6 Prince Ribbit


Innate Abilities, Weirdness & Mutations

You are a tree.
Your roots penetrate the ground, keeping you stationary.
You cannot be teleported.
You are immune to unholy pain and torment.
Your maximum health is greatly increased.
Your equipment is partially melded.
You are immune to sickness and miasma.
((Your stone body is resilient. (AC +4)))
You are immune to poison.
You resist negative energy. (rN+)
((You are resistant to electric shocks. (rElec)))
You are resistant to unholy torment.
You are immune to petrification.


Message History

You hit the jelly. You burn the jelly.
You kill the jelly!
Prince Ribbit catches a moth with his tongue.
Prince Ribbit hops awkwardly around.
You block Prince Ribbit's attack.
You miss Prince Ribbit.
Prince Ribbit catches a small bird with his tongue.
Prince Ribbit hits you.
* * * LOW HITPOINT WARNING * * *
Prince Ribbit hits you but does no damage.
Prince Ribbit hits you.
* * * LOW HITPOINT WARNING * * *
You slash Prince Ribbit!
Prince Ribbit is moderately wounded.
Prince Ribbit hits you but does no damage.
Prince Ribbit hits you!
* * * LOW HITPOINT WARNING * * *
You slash Prince Ribbit!
Prince Ribbit suddenly seems more agile.
Prince Ribbit is heavily wounded.
Prince Ribbit hits you.
* * * LOW HITPOINT WARNING * * *
Prince Ribbit hits you.
* * * LOW HITPOINT WARNING * * *
Prince Ribbit blinks!
Okay, then.
You cannot move.
Unknown command.
Prince Ribbit blinks!
Prince Ribbit blinks!
Prince Ribbit hits you but does no damage. x2
You barely miss Prince Ribbit.
Prince Ribbit is heavily wounded.
Prince Ribbit hits you.
* * * LOW HITPOINT WARNING * * *
Prince Ribbit hits you but does no damage.
You miss Prince Ribbit.
Prince Ribbit is heavily wounded.
Prince Ribbit hits you.
You die...

## . .. .
#.#########.#....
#.......)♣.......
#§.#$...F##.#....
.........# # #
.##.)....#
.........#
#.##.....# .
+...... #.....##
......#


You could see Prince Ribbit (agile).

Vanquished Creatures
  Sigmund (D:3)
  A sky beast (D:6)
  An ogre (D:6)
  A jelly (D:6)
  Jessica (D:2)
  5 adders
  2 dart slugs
  2 worms
  An orc (D:3)
  4 bats
  4 endoplasms
  A giant cockroach (D:1)
  3 goblins
  5 hobgoblins
  4 jackals (D:3)
  5 kobolds
  2 quokkas
  2 ball pythons
  A frilled lizard (D:2)
  4 rats
50 creatures vanquished.

Vanquished Creatures (collateral kills)
  A worm (D:2)
1 creature vanquished.

Grand Total: 51 creatures vanquished

Notes
Turn   | Place    | Note
-------+----------+-------------------------------------------
     0 | D:1      | bande the Gargoyle Fighter began the quest for the Orb.
     0 | D:1      | Reached XP level 1. HP: 14/14 MP: 1/1
    41 | D:1      | Found Vatugel's Magic Scroll Emporium.
   236 | D:1      | Reached XP level 2. HP: 13/19 MP: 2/2
   546 | D:1      | Reached skill level 2 in Axes
   961 | D:2      | Reached XP level 3. HP: 22/24 MP: 3/3
  1084 | D:2      | Found a shadowy altar of Dithmenos.
  1273 | D:2      | Found a faded altar of an unknown god.
  1345 | D:2      | Noticed Jessica
  1349 | D:2      | Killed Jessica
  1350 | D:2      | Reached skill level 3 in Axes
  1350 | D:2      | Reached XP level 4. HP: 29/29 MP: 4/4
  1551 | D:3      | Noticed Sigmund
  1567 | D:3      | Killed Sigmund
  1568 | D:3      | Reached skill level 4 in Axes
  1568 | D:3      | Reached XP level 5. HP: 21/33 MP: 5/5
  1568 | D:3      | Reached XP level 6. HP: 24/38 MP: 6/6
  1817 | D:3      | Found a stormy altar of Qazlal.
  1894 | D:3      | You fall into a shaft and drop 3 floors!
  1896 | D:6      | Noticed a sky beast
  1896 | D:6      | Noticed Prince Ribbit
  1911 | D:6      | Killed a sky beast
  1912 | D:6      | Reached skill level 5 in Axes
  1912 | D:6      | Reached XP level 7. HP: 41/44 MP: 7/7
  1925 | D:6      | HP: 2/66 [Prince Ribbit (6)]
  1930 | D:6      | Slain by Prince Ribbit

Illustrated notes

Levels and vault maps discovered:
D:1:      nzn_arrival_depleted_hourglass, layout_loops_ring, serial_shops,
          nicolae_diamond_shop
D:2:      layout_rooms, ebering_ecumenical_altar_ruins, basic_altar,
          chequers_serial_rivers_small_3, kennysheep_jessica_study
D:3:      minmay_door_path, layout_loops_cross,
          mainiacjoe_overflow_tiny_flanked, uniq_sigmund
D:6:      layout_basic, mainiacjoe_overflow_alcove_4, gammafunk_ghost_smash,
          serial_shops, shop, uniq_prince_ribbit1

Skill      XL: |  1  2  3  4  5  6 |
---------------+-------------------+-----
Axes           | 2 3 4 5 |  5.3
Fighting       | 4 |  4.5
Armour         | 4 |  4.4
Shields        | 4 |  4.3

Action                   |  1- 3 |  4- 6 |  7- 9 || total
-------------------------+-------+-------+-------++-------
Melee: War axe           |    73 |    41 |     9 ||   123
  Use: Scroll            |     4 |     1 |       ||     5
       Potion            |       |     7 |       ||     7
Armor: Scale mail        |    36 |    18 |       ||    54
       Skin              |       |    10 |    14 ||    24
Dodge: Dodged            |    34 |    16 |       ||    50
Block: Buckler           |    18 |    15 |     2 ||    35

Table legend: (Time is in decaauts)
 A = Elapsed time spent in this place.
 B = Non-inter-level travel time spent in this place.
 C = Inter-level travel time spent in this place.
 D = Time resting spent in this place.
 E = Time spent auto-exploring this place.
 F = Levels seen in this place.
 G = Mean time per level.
                   A        B        C        D        E       F      G
               +--------+--------+--------+--------+--------+-----+--------+
         Total |   1986 |   1944 |     42 |      0 |   1536 |   4 |  496.5 |
       Dungeon |   1986 |   1944 |     42 |      0 |   1536 |   4 |  496.5 |
               +--------+--------+--------+--------+--------+-----+--------+

Top non-repeatable levels by time:
     D:1: 968 daAuts
     D:2: 556 daAuts
     D:3: 415 daAuts
     D:6: 45 daAuts
